Map: Ley Lines

Players

ZeDoom - Winner!

  • Race: Protoss Protoss
  • League: Master
  • Spawn Location: 1:00

StarLight

  • Race: Terran Terran
  • League: Master
  • Spawn Location: 7:00

VOD

Have the link to the VOD?

Description

Time

  • Played on: Oct. 11, 2025, 3:21 p.m.
  • Length: 12:25
Show
View Real Time Build Order
Export as new Build Order

ZeDoom Protoss - Winner!

Build Orders: 1 Gate Expand, Blink Stalkers, Colossus Rush 

Get SALT Encoding   

  12  0:00  Probe  
  13  0:12  Probe  
  14  0:16  Pylon  
  14  0:23  Probe  
  15  0:31  Probe  
  16  0:36  Gateway  
  16  0:39  Probe  
  16  0:45  Assimilator  
  17  0:50  Probe  
  18  1:03  Probe  
  19  1:15  Probe  
  20  1:22  Nexus  
  20  1:31  Cybernetics Core  
  20  1:35  Probe  
  20  1:39  Assimilator  
  22  1:47  Probe  
  22  1:50  Pylon  
  22  1:56  Stalker  
  22  1:59  Probe  
  23  2:08  Warp Gate  
  25  2:11  Probe  
  26  2:17  Shield Battery  
  26  2:23  Probe  
  26  2:25  Sentry  
  29  2:35  Probe x2  
  31  2:41  Twilight Council  
  31  2:47  Probe x2  
  33  2:51  Blink  
  33  2:59  Probe x2  
  33  3:11  Probe x2, Sentry  
  37  3:14  Gateway  
  37  3:18  Shield Battery  
  37  3:23  Probe x2  
  37  3:35  Probe  
  37  3:36  Probe  
  39  3:41  Gateway  
  39  3:47  Probe  
  40  3:57  Stalker  
  40  3:58  Probe  
  40  4:00  Probe  
  44  4:09  Stalker  
  46  4:14  Pylon  
  46  4:16  Nexus  
  46  4:31  Robotics Facility  
  46  4:32  Probe x2  
  46  4:38  Stalker x2  
  52  4:44  Probe x2  
  50  4:51  Charge  
  50  4:56  Probe x2  
  50  5:05  Gateway  
  50  5:08  Probe x2, Pylon  
  50  5:09  Gateway  
  50  5:11  Assimilator  
  52  5:19  Observer  
  52  5:20  Probe  
  54  5:23  Robotics Bay  
  54  5:26  Probe  
  54  5:28  Probe  
  56  5:32  Pylon  
  56  5:33  Probe  
  57  5:38  Probe  
  57  5:40  Probe  
  59  5:45  Probe  
  60  5:50  Probe  
  60  5:51  Gateway  
  60  5:52  Probe, Gateway  
  60  5:54  Gateway  
  60  5:56  Gateway  
  62  5:57  Probe, Colossus  
  62  6:02  Probe  
  64  6:04  Probe  
  64  6:09  Probe  
  64  6:11  Extended Thermal Lance  
  72  6:14  Probe  
  72  6:16  Probe  
  74  6:18  Pylon  
  74  6:21  Probe  
  75  6:26  Probe  
  75  6:28  Probe  
  75  6:30  Gateway  
  75  6:31  Gateway  
  76  6:33  Probe  
  76  6:38  Probe  
  78  6:42  Nexus, Colossus  
  78  6:43  Probe, Pylon  
  78  6:46  Pylon  
  79  6:51  Assimilator  
  85  6:58  Forge  
  85  7:01  Forge  
  85  7:06  Probe  
  85  7:07  Probe  
  87  7:15  Pylon  
  87  7:16  Zealot x2  
  87  7:17  Zealot x4  
  87  7:21  Pylon  
  99  7:25  Zealot x4  
  99  7:27  Colossus  
  111  7:40  Zealot x4  
  117  7:46  Protoss Ground Weapons Level 1  
  117  7:47  Protoss Ground Armor Level 1  
  117  7:48  Templar Archives  
  117  7:49  Zealot  
  109  8:01  Zealot x6  
  109  8:04  Probe x3  
  104  8:05  Probe  
  105  8:16  Probe x3  
  105  8:17  Probe, Stalker  
  105  8:18  Stalker  
  113  8:28  Probe x2  
  113  8:29  Probe  
  113  8:31  Zealot x4  
  124  8:45  Nexus  
  124  8:59  Pylon  
  124  9:01  Nexus  
  124  9:04  Pylon  
  124  9:09  Pylon  
  122  9:10  Zealot  
  124  9:23  Probe x3  
  121  9:26  Zealot x7  
  130  9:33  Stalker x4  
  130  9:35  Probe x2  
  140  9:43  Probe  
  141  9:48  Protoss Ground Armor Level 2, Protoss Ground Weapons Level 2  
  141  9:51  Pylon x2  
  141  9:53  Pylon  
  141  9:54  Pylon  
  141  9:57  Probe x2  
  143  10:03  Templar Archives  
  143  10:12  Zealot x7  
  143  10:13  Zealot x2  
  161  10:29  Zealot x2  
  161  10:32  Warp Prism  
  161  10:35  Gravitic Drive  
  165  10:39  High Templar x2  
  165  10:40  High Templar x2  
  165  10:41  Zealot x5  
  184  10:57  Probe x2  
  184  11:04  Gateway  
  185  11:05  Gateway  
  185  11:13  Stalker x5  
  189  11:51  Zealot x8  
  187  12:06  Zealot x5  
  155  12:17  Zealot  
  155  12:18  Zealot x5  
  155  12:21  Stalker x2  
Show
View Real Time Build Order
Export as new Build Order

StarLight Terran 

Build Orders:  

Get SALT Encoding   

  12  0:00  SCV  
  13  0:12  SCV  
  14  0:16  Supply Depot  
  14  0:24  SCV  
  15  0:38  SCV  
  15  0:39  Barracks  
  16  0:43  Refinery  
  16  0:50  SCV  
  16  0:53  Refinery  
  17  1:02  SCV  
  18  1:14  SCV  
  19  1:27  Reaper, Orbital Command  
  20  1:40  Supply Depot  
  20  1:41  Factory  
  20  1:53  SCV  
  21  1:59  Reaper  
  22  2:05  SCV  
  23  2:15  Command Center  
  23  2:18  SCV  
  24  2:27  Hellion  
  26  2:30  SCV  
  26  2:36  Barracks Reactor  
  27  2:38  Starport  
  27  2:42  SCV  
  28  2:46  Supply Depot  
  28  2:52  Factory Tech Lab  
  28  2:54  SCV  
  29  3:06  SCV  
  29  3:15  Cyclone  
  29  3:17  Marine x2  
  29  3:18  SCV  
  35  3:23  Medivac  
  37  3:31  SCV  
  39  3:36  Marine  
  39  3:38  Barracks  
  39  3:40  Marine  
  41  3:43  Orbital Command  
  41  3:45  SCV  
  42  4:00  SCV  
  42  4:05  Siege Tank  
  42  4:06  Starport Reactor  
  42  4:10  Starport Tech Lab, Marine x2  
  42  4:11  SCV  
  42  4:12  SCV  
  42  4:13  Refinery  
  42  4:16  Bunker  
  46  4:17  Supply Depot  
  46  4:23  SCV  
  47  4:24  SCV  
  47  4:27  Barracks  
  47  4:28  Marine x2  
  50  4:35  SCV  
  51  4:45  SCV  
  52  4:46  Marine x3  
  49  5:00  Siege Tank  
  49  5:03  Raven, Marine  
  49  5:04  SCV x2, Marine  
  55  5:09  Marine  
  56  5:15  Marine  
  56  5:16  SCV x2  
  56  5:18  Barracks  
  56  5:20  Barracks  
  59  5:21  Marine  
  59  5:22  Marine  
  59  5:27  Marine  
  62  5:32  Supply Depot  
  62  5:33  Supply Depot  
  62  5:35  Barracks Reactor  
  62  5:41  Barracks Reactor  
  62  5:46  Starport Reactor  
  62  5:47  Stimpack  
  62  5:53  SCV x2, Siege Tank, Marine  
  68  5:59  Marine x2  
  69  6:06  SCV x2  
  69  6:07  Marine x2  
  73  6:11  Marine  
  73  6:17  Marine x2  
  73  6:18  SCV x2  
  78  6:19  Supply Depot  
  78  6:21  Supply Depot  
  78  6:25  Marine  
  79  6:35  Medivac x2, Marine  
  79  6:36  Combat Shield, Marine  
  85  6:41  Widow Mine x2  
  85  6:44  Engineering Bay  
  85  6:45  Engineering Bay, Command Center, Marine x2  
  85  6:46  Barracks Reactor, Barracks Tech Lab  
  91  6:48  SCV  
  91  6:54  SCV  
  93  7:04  Widow Mine x2  
  93  7:05  Marauder, Medivac  
  101  7:14  Medivac, Terran Infantry Weapons Level 1  
  102  7:28  Marauder, SCV  
  102  7:29  Marine  
  102  7:44  Supply Depot  
  102  7:53  Marauder  
  102  7:56  SCV  
  102  7:57  Marauder, Widow Mine x2  
  107  8:04  SCV  
  96  8:08  SCV  
  94  8:14  Marauder, Marine x2  
  94  8:15  Marauder  
  94  8:16  SCV  
  101  8:20  SCV  
  101  8:21  Terran Infantry Armor Level 1  
  101  8:24  Refinery  
  101  8:26  Marauder, Marine  
  105  8:27  Refinery  
  105  8:28  SCV  
  105  8:31  Refinery, Sensor Tower  
  105  8:32  SCV  
  107  8:36  Marauder  
  109  8:49  SCV x2  
  109  8:51  Marine x2  
  109  8:52  Marauder x2  
  117  8:56  Viking  
  117  8:57  Widow Mine  
  117  9:00  Viking  
  117  9:01  SCV x2  
  109  9:32  Marauder x2, Marine  
  109  9:36  SCV x2  
  116  9:49  SCV x2  
  118  9:53  Marine  
  118  9:54  Marauder x2, Widow Mine  
  125  10:06  Orbital Command  
  125  10:08  Refinery  
  125  10:11  Ghost Academy  
  125  10:13  Refinery, Supply Depot, Sensor Tower  
  125  10:14  Supply Depot x2  
  125  10:30  Concussive Shells  
  125  10:34  Medivac x2  
  125  10:35  SCV x2, Widow Mine  
  133  10:38  SCV  
  133  10:41  Bunker  
  133  10:42  Supply Depot x2  
  134  10:43  Armory, Command Center, Ghost x2  
  134  10:47  SCV x2  
  140  10:50  SCV  
  140  10:52  Marine, Ghost  
  140  10:53  Marine  
  140  10:56  Widow Mine  
  147  10:59  SCV x2  
  149  11:04  SCV  
  149  11:11  SCV  
  151  11:16  Viking x2, Marine x2  
  151  11:17  Marauder, Ghost  
  161  11:23  SCV  
  161  11:36  SCV  
  161  11:40  Marauder x2, Marine  
  120  12:08  SCV  
Tags
 
Add a new tag
Caveats
  • Supply blocks, unpowered buildings, or Contaminate may cause inaccurate times.
  • Supply counts are checked every 10 seconds.